 Dungeon Crawl Stone Soup version 0.31-a0-851-g7ff8af7976 (webtiles) character file.

Game seed: 9668097930225366729

54 CrazyBamboolord the Gusty (level 3, -5/35 HPs)
             Began as an Ogre Air Elementalist on Oct 7, 2023.
             Slain by Terence
             ... wielding a +5 mace of holy wrath
              (9 damage)
             ... on level 2 of the Dungeon.
             The game lasted 00:03:30 (1379 turns).

CrazyBamboolord the Gusty (Ogre Air Elementalist)   Turns: 1379, Time: 00:03:31

Health: -5/35      AC:  4    Str: 12    XL:     3   Next: 91%
Magic:  6/7        EV: 10    Int: 18    God:
Gold:   75         SH:  0    Dex:  9    Spells: 7/8 levels left

rFire   . . .        h - +1 mace
rCold   . . .        (no shield)
rNeg    . . .        a - +1 robe
rPois   .            (helmet restricted)
rElec   .            (no cloak)
rCorr   .            (gloves unavailable)
SInv    .            (boots unavailable)
Will    +....        (no amulet)
Stlth   +            (no ring)
HPRegen 0.25/turn    (no ring)
MPRegen 0.10/turn

%: no passive effects
@: enlightened, flying
A: large, unfitting armour, tough skin 1
a: no special abilities


You were on level 2 of the Dungeon.
You visited 1 branch of the dungeon, and saw 2 of its levels.

You collected 75 gold pieces.

Inventory:

Hand Weapons
 h - a +1 mace (weapon)
Armour
 a - a +1 robe (worn)
Scrolls
 c - a scroll of fog
Potions
 b - a potion of magic
 i - a potion of berserk rage {unknown}
 j - a potion of attraction {unknown}


   Skills:
 * Level 1.7 Fighting
 * Level 2.2 Dodging
 - Level 1.4 Stealth
 * Level 3.0 Spellcasting
 * Level 1.5 Conjurations
 * Level 3.0 Air Magic


You had 7 spell levels left.
You knew the following spells:

 Your Spells              Type           Power      Damage    Failure   Level
a - Shock                 Conj/Air       44%        1d5       6%          1

Your spell library contained the following spells:

 Spells                   Type           Power      Damage    Failure   Level
 Static Discharge         Conj/Air       22%        2-3/arc   10%         2
 Swiftness                Air            13%        N/A       14%         3
 Apportation              Tloc           4%         N/A       16%         1
 Necrotise                Necr           8%         1d4       16%         1
 Summon Small Mammal      Summ           8%         N/A       16%         1
 Airstrike                Air            6%         2d(1-17)  41%         4
 Summon Guardian Golem    Hex/Summ       2%         N/A       43%         3
 Orb of Destruction       Conj           4%         9d5       100%        7
 Spellforged Servitor     Conj/Summ      2%         N/A       100%        7


Dungeon Overview and Level Annotations

Branches:
Dungeon (2/15)

Altars:

Annotations:
D:2 Terence


Innate Abilities, Weirdness & Mutations

You are too large for most types of armour.
You have tough skin. (AC +1)


Message History

Your +0 mace glows red for a moment.
Terence hits you with a +5 mace of holy wrath.
* * * LOW HITPOINT WARNING * * *
You feel better.
Terence hits you with a +5 mace of holy wrath!
It was a potion of ambrosia.
You are confused.
You feel invigorated. Terence closely misses you.
You hit Terence.
Terence is moderately wounded.
Terence asks, "Do you want it fast or slow?"
Terence hits you with a +5 mace of holy wrath.
Terence hits you with a +5 mace of holy wrath!
* * * LOW HITPOINT WARNING * * *
You hit Terence but do no damage.
Terence is moderately wounded.
Terence misses you.
You're too confused to move!
Terence hits you with a +5 mace of holy wrath.
You barely miss Terence.
Terence is moderately wounded.
You feel less invigorated.
You feel less confused.
Terence hits you with a +5 mace of holy wrath.
Terence hits you with a +5 mace of holy wrath!
* * * LOW HITPOINT WARNING * * *
It was a potion of enlightenment.
You feel very buoyant.
You fly up into the air.
Terence hits you with a +5 mace of holy wrath!
* * * LOW HITPOINT WARNING * * *
Unknown command.
Okay, then.
Aiming: Shock (safe; 6% risk of failure)
Press: ? - help, Q - select action Shift-Dir - straight line, f/p - Terence
Aim: Terence, wielding a +5 mace of holy wrath and wearing a +4 chain mail of cold resistance (moderately wounded, 77% to hit)
The zap hits Terence but does no damage.
Terence is moderately wounded.
Terence hits you with a +5 mace of holy wrath!
You die...

#........... ........
#........... ....#..
#........######..##..
#...#....##......##..
#...#....##......##..
#...#....##......##.#
#...#....##..........
#..@#######.....>....
#...@................
##..................#
#...................
##..................
#.........#........
#.........#.......#
...........##...###.
#...........##...# #.
#...........##...# #.


You could see Terence.

Vanquished Creatures
  2 adders (D:2)
  A dart slug (D:1)
  3 endoplasms (D:1)
  A giant cockroach (D:1)
  7 goblins
  3 jackals (D:2)
  6 kobolds
  A quokka (D:1)
  2 ball pythons (D:1)
  2 bats (D:1)
  A frilled lizard (D:1)
  4 rats
33 creatures vanquished.

Notes
Turn   | Place    | Note
-------+----------+-------------------------------------------
     0 | D:1      | CrazyBamboolord the Ogre Air Elementalist began the quest
                  | for the Orb.
     0 | D:1      | Reached XP level 1. HP: 16/16 MP: 3/3
    73 | D:1      | Reached skill level 1 in Conjurations
   148 | D:1      | Reached XP level 2. HP: 26/26 MP: 2/5
   170 | D:1      | Reached skill level 1 in Fighting
   519 | D:1      | Found a faded altar of an unknown god.
   574 | D:1      | Reached XP level 3. HP: 33/33 MP: 4/7
  1355 | D:2      | Noticed Terence
  1379 | D:2      | Slain by Terence

Illustrated notes

Levels and vault maps discovered:
D:1:      matt_arrival_grand_opening, layout_loops_ring,
          shapermc_ecumenical_altar_venn, minmay_misc_feat_tiny
D:2:      layout_basic, chequers_serial_rivers_room_a, uniq_terence

Skill      XL: |  1  2  3 |
---------------+----------+-----
Conjurations   | 1 |  1.5
Fighting       | 1 |  1.7
Dodging        | 2 |  2.2
Air Magic      | 3 |  3.0
Spellcasting   | 3 |  3.0
Stealth        | |  1.4

Action                     || total
---------------------------++-------
  Melee: Unarmed           ||    27
         Mace              ||     6
   Cast: Shock             ||    68
    Use: Potion            ||     4
         Scroll            ||     3
 Armour: Robe              ||    52
  Dodge: Dodged            ||    32

Table legend: (Time is in decaauts)
 A = Elapsed time spent in this place.
 B = Non-inter-level travel time spent in this place.
 C = Inter-level travel time spent in this place.
 D = Time resting spent in this place.
 E = Time spent auto-exploring this place.
 F = Levels seen in this place.
 G = Mean time per level.
                   A        B        C        D        E       F      G
               +--------+--------+--------+--------+--------+-----+--------+
         Total |   1380 |   1331 |     49 |    128 |    990 |   2 |  690.0 |
       Dungeon |   1380 |   1331 |     49 |    128 |    990 |   2 |  690.0 |
               +--------+--------+--------+--------+--------+-----+--------+

Top non-repeatable levels by time:
     D:1: 936 daAuts
     D:2: 444 daAuts
